AoeStats
← INOX

African Clearing

510630389Analyzed
4v4 RM · 19h ago on Oct 1, 2026· 72m 44s· 8 players
Game mode
Random Map
Map size
Large (8 player)
Population
200
Speed
Normal
Resources
Standard
Victory
Conquest
Starting age
Dark Age
Ending age
Imperial Age
RankedLock teamsTeams togetherTeam positionsShared explorationLock speedFull tech treeHidden civsTurbo modeCheats
Victory
Defeat
🇪🇸 Bengalis · Spain
856
+16
🇫🇷 Franks · France
850
+43
🇪🇸 Goths · Spain
811
+18
🇫🇷 Burmese · France
807
+31
🇺🇸 Wei · United States
902
-18
🇺🇸 Chinese · United States
890
-19
🇮🇳 Sicilians · India
840
-17
🇮🇳 Vietnamese · India
805
-15
Karthusxx
7:38 Loom
14:42 Feudal Age
20:17 Castle Age
34:15 Fletching
35:12 Padded Archer Armor
45:43 Imperial Age
43:35 Double-Bit Axe
43:54 Bodkin Arrow
45:18 Paiks
46:13 Husbandry
46:23 Bloodlines
47:27 Scale Barding Armor
47:33 Forging
47:07 Horse Collar
49:13 Elite Battle Elephant
51:01 Chain Barding Armor
51:17 Iron Casting
54:02 Plate Barding Armor
54:28 Blast Furnace
53:30 Bracer
56:09 Conscription
58:38 Wheelbarrow
57:48 Town Watch
57:33 Elite Elephant Archer
58:02 Light Cavalry
65:43 Leather Archer Armor
67:27 Hand Cart
67:13 Town Patrol
68:57 Ring Archer Armor
70:50 Spies/Treason
INOX
3:49 Loom
19:19 Feudal Age
21:39 Scale Mail Armor
21:49 Man-at-Arms
22:45 Forging
29:19 Gold Mining
29:24 Horse Collar
32:08 Arson
35:53 Castle Age
36:42 Castle Age
38:04 Wheelbarrow
43:01 Long Swordsman
43:46 Pikeman
47:52 Gambesons
52:24 Scale Barding Armor
52:35 Chain Mail Armor
52:55 Iron Casting
55:43 Husbandry
56:15 Light Cavalry
57:06 Bloodlines
67:23 Hand Cart
67:51 Town Watch
68:36 Town Patrol
72:33 Imperial Age
WarZzEnTer
15:59 Feudal Age
20:19 Forging
19:33 Man-at-Arms
24:02 Scale Mail Armor
28:25 Wheelbarrow
33:28 Castle Age
31:55 Arson
34:51 Iron Casting
34:36 Chain Mail Armor
35:22 Long Swordsman
39:10 Hand Cart
40:06 Gold Mining
40:06 Stone Mining
40:12 Stone Mining
40:54 Pikeman
47:14 Ordonnance Companies
57:56 Imperial Age
57:37 Ballistics
57:04 Treadmill Crane
57:45 Ballistics
60:49 Two-Handed Swordsman
62:14 Gold Shaft Mining
63:07 Champion
66:59 Gambesons
67:27 Elite Throwing Axeman
68:48 Double-Bit Axe
73:30 Blast Furnace
73:00 Plate Mail Armor
sentoginerzarra
4:19 Loom
16:12 Feudal Age
17:28 Wheelbarrow
16:41 Double-Bit Axe
16:48 Stone Mining
16:51 Gold Mining
17:14 Horse Collar
25:01 Castle Age
23:57 Forging
23:50 Scale Mail Armor
25:33 Man-at-Arms
38:50 Bow Saw
40:48 Anarchy
42:04 Stone Shaft Mining
41:47 Heavy Plow
43:12 Iron Casting
44:34 Hand Cart
44:47 Chain Mail Armor
46:24 Fervor
49:31 Imperial Age
48:30 Fletching
50:14 Perfusion
50:38 Conscription
49:58 Elite Huskarl
51:48 Two-Man Saw
51:30 Crop Rotation
52:10 Blast Furnace
70:08 Spies/Treason
Anipazronkin
3:21 Loom
17:28 Feudal Age
19:10 Wheelbarrow
18:56 Double-Bit Axe
19:43 Horse Collar
24:15 Stone Mining
24:17 Gold Mining
26:02 Fletching
27:10 Town Watch
29:26 Castle Age
32:27 Hand Cart
40:31 Town Patrol
41:43 Stone Shaft Mining
41:44 Gold Shaft Mining
41:22 Bow Saw
41:15 Heavy Plow
41:13 Bodkin Arrow
45:36 Imperial Age
43:56 Ballistics
43:32 Murder Holes
43:17 Treadmill Crane
43:47 Masonry
44:30 Scale Barding Armor
44:36 Forging
47:19 Hoardings
49:27 Husbandry
49:38 Bloodlines
48:48 Heavy Hei Guang Cavalry
50:57 Heavy Hei Guang Cavalry
52:14 Chain Barding Armor
52:28 Tuntian
52:48 Conscription
53:41 Ming Guang Armor
54:19 Iron Casting
55:19 Pikeman
56:00 Squires
55:45 Arson
56:38 Halberdier
R0NIN
15:00 Feudal Age
13:17 Loom
16:40 Double-Bit Axe
22:52 Horse Collar
28:55 Castle Age
26:58 Scale Mail Armor
30:32 Fletching
30:53 Forging
31:01 Chain Mail Armor
40:11 Iron Casting
39:32 Bodkin Arrow
39:45 Scale Barding Armor
41:27 Herbal Medicine
46:14 Imperial Age
44:21 Wheelbarrow
46:25 Cranequins
48:16 Bracer
48:38 Chain Barding Armor
48:43 Ballistics
49:02 Heavy Plow
51:29 Bow Saw
53:52 Conscription
53:14 Pikeman
54:36 Halberdier
62:08 Crop Rotation
63:27 Heavy Mounted Crossbowman
RookToD2
5:02 Loom
14:00 Feudal Age
14:10 Man-at-Arms
17:20 Forging
17:23 Arson
21:59 Scale Mail Armor
26:24 Castle Age
41:13 Elite Skirmisher
43:08 Fletching
43:19 Padded Archer Armor
47:36 Thumb Ring
47:32 Double-Bit Axe
47:30 Horse Collar
54:32 Imperial Age
55:01 Leather Archer Armor
54:45 Bodkin Arrow
55:38 Elite Fire Lancer
57:48 Imperial Skirmisher
wild
5:43 Loom
16:32 Feudal Age
21:03 Castle Age
19:05 Double-Bit Axe
35:37 Bow Saw
36:45 Fletching
36:57 Padded Archer Armor
38:20 Wheelbarrow
40:05 Town Watch
41:50 Bodkin Arrow
42:13 Town Patrol
49:30 Leather Archer Armor
52:57 Imperial Age
54:28 Elite Fire Lancer
55:49 Cavalier
56:29 Husbandry
Connection lost

Rejoining the realm…

Still unreachable

The connection could not be restored.

Session expired

The server has moved on; the page needs a fresh start.